 Dungeon Crawl Stone Soup version 0.28.0-45-g0d030f2227 (webtiles) character file.

Game seed: 9568904539955286030

350 101zpm the Chiller (level 6, -5/46 HPs)
             Began as a Draconian Ice Elementalist on Apr 18, 2022.
             Slain by a hornet zombie (10 damage)
             ... on level 5 of the Dungeon.
             The game lasted 00:12:29 (4658 turns).

101zpm the Chiller (Draconian Ice Elementalist)     Turns: 4658, Time: 00:12:30

Health: -5/46      AC:  6    Str: 10    XL:     6   Next: 34%
Magic:  1/11       EV: 12    Int: 17    God:
Gold:   260        SH:  0    Dex: 12    Spells: 2/12 levels left

rFire   . . .      SeeInvis .   (no weapon)
rCold   . . .      Faith    .   (no shield)
rNeg    . . .      Spirit   .   (armour unavailable)
rPois   .          Reflect  .   (helmet restricted)
rElec   .          Harm     .   (no cloak)
rCorr   .          Rampage  .   (no gloves)
Will    .....                   (no boots)
Stlth   ++........              (no amulet)
HPRegen 0.15/turn               (no ring)
MPRegen 0.12/turn               (no ring)

@: no status effects
A: AC +6, unfitting armour, cold-blooded
a: no special abilities


You were on level 5 of the Dungeon.
You visited 1 branch of the dungeon, and saw 6 of its levels.

You collected 260 gold pieces.

Inventory:

Missiles
 b - 87 stones
 e - 35 sling bullets
Jewellery
 h - a ring of see invisible
 l - an amulet of reflection
Wands
 i - a wand of digging (4)
Scrolls
 c - a scroll of identify
 d - a scroll of acquirement {unknown}
 f - a scroll of vulnerability {unknown}
 g - a scroll of teleportation
 j - a scroll of torment {unknown}
Potions
 a - 2 potions of curing {unknown}
 k - 2 potions of heal wounds {unknown}


   Skills:
 + Level 0.5 Fighting
 + Level 2.1 Dodging
 + Level 3.0 Stealth
 + Level 0.3 Unarmed Combat
 + Level 3.9 Spellcasting
 + Level 5.8 Ice Magic


You had 2 spell levels left.
You knew the following spells:

 Your Spells              Type           Power      Damage    Failure   Level
a - Freeze                Ice            92%        1d10      1%          1
b - Frozen Ramparts       Ice            46%        1d6       4%          3
c - Ozocubu's Armour      Ice            23%        N/A       4%          3
d - Stone Arrow           Conj/Erth      6%         3d7       43%         3

Your spell library contained the following spells:

 Spells                   Type           Power      Damage    Failure   Level
 Sandblast                Erth           6%         2d5       16%         1
 Passwall                 Tmut/Erth      2%         N/A       24%         2
 Sublimation of Blood     Necr           3%         N/A       24%         2
 Conjure Flame            Conj/Fire      3%         6-21      43%         3
 Ignite Poison            Fire/Tmut/Pois 3%         N/A       43%         3
 Hailstorm                Conj/Ice       13%        3d5       43%         4
 Petrify                  Tmut/Erth      3%         N/A       85%         4
 Sticky Flame             Conj/Fire      3%         2d3       85%         4
 Irradiate                Conj/Tmut      1%         3d13      99%         5


Dungeon Overview and Level Annotations

Branches:
Dungeon (6/15)
 Temple: D:4-7

Altars:

Shops:
D:5 ?

Annotations:
D:3 Sigmund


Innate Abilities, Weirdness & Mutations

Your plain brown scales are hard. (AC +6)
You cannot fit into any form of body armour.
You are cold-blooded and may be slowed by cold attacks.


Message History

The hornet zombie completely resists.
The wall freezes the hornet zombie but does no damage.
The hornet zombie hits you but does no damage.
Aiming: Freeze (safe; 1% risk of failure)
Press: ? - help, Q - select action, (/) - cycle Shift-Dir - straight line, f/p - hornet zombie
Aim: a hornet zombie (heavily damaged)
You freeze the hornet zombie.
The hornet zombie resists.
The hornet zombie is heavily damaged.
The hornet zombie resists.
The wall freezes the hornet zombie.
The hornet zombie hits you!
Aiming: Freeze (safe; 1% risk of failure)
Press: ? - help, Q - select action, (/) - cycle Shift-Dir - straight line, f/p - hornet zombie
Aim: a hornet zombie (heavily damaged)
You freeze the hornet zombie but do no damage.
The hornet zombie completely resists.
The hornet zombie completely resists.
The wall freezes the hornet zombie but does no damage.
The hornet zombie hits you!
Aiming: Freeze (safe; 1% risk of failure)
Press: ? - help, Q - select action, (/) - cycle Shift-Dir - straight line, f/p - hornet zombie
Aim: a hornet zombie (heavily damaged)
You freeze the hornet zombie.
The hornet zombie resists.
The hornet zombie is heavily damaged.
The frozen ramparts melt away.
The hornet zombie hits you but does no damage. x2
Your icy armour will break if you move.
Continue?
Your icy armour cracks and falls away as you move.
The hornet zombie hits you.
There is a stone staircase leading down here.
The hornet zombie misses you.
You climb downwards.
There is a stone staircase leading up here.
The bullfrog croaks.
You hear an angry hiss.
You climb upwards.
The hornet zombie hits you. The hornet zombie hits you!
* * * LOW HITPOINT WARNING * * *
There is a stone staircase leading down, spattered with blood here.
The hornet zombie hits you.
* * * LOW HITPOINT WARNING * * *
The hornet zombie hits you!
You die...

#.......###.##..#
#.......# #.# ..#
#.......# #.# ..#
#.#####.###.# ..###
#.........#.##.....
#.........#8.8.8##
#..........?.....#.#
#..?.....8.>Z∩.<.8.#
#............@...#.
#<.........8#8#8.#
##.############ .#
#. #


You could see a hornet zombie.

Vanquished Creatures
  An ogre (D:5)
  A bullfrog (D:5)
  An orc priest (D:5)
  A hound (D:5)
  Ijyb (D:4)
  An iguana (D:5)
  2 adders
  2 dart slugs (D:2)
  14 orcs
  6 ball pythons
  3 endoplasms
  2 giant cockroaches
  4 goblins
  3 hobgoblins (D:1)
  3 kobolds
  4 quokkas
  4 bats
  2 frilled lizards
  6 rats
61 creatures vanquished.

Notes
Turn   | Place    | Note
-------+----------+-------------------------------------------
     0 | D:1      | 101zpm the Draconian Ice Elementalist began the quest for
                  | the Orb.
     0 | D:1      | Reached XP level 1. HP: 14/14 MP: 3/3
   372 | D:2      | Reached XP level 2. HP: 20/20 MP: 0/5
  1702 | D:1      | Found a faded altar of an unknown god.
  1766 | D:1      | Reached XP level 3. HP: 26/26 MP: 3/6
  2435 | D:3      | Noticed Sigmund
  2471 | D:2      | Learned a level 3 spell: Frozen Ramparts
  2828 | D:3      | Reached skill level 5 in Ice Magic
  2978 | D:4      | Reached XP level 4. HP: 33/33 MP: 4/8
  3058 | D:4      | Noticed Ijyb
  3079 | D:4      | Killed Ijyb
  3235 | D:4      | Noticed a hornet
  3241 | D:5      | Entered Level 5 of the Dungeon
  3246 | D:5      | Learned a level 3 spell: Ozocubu's Armour
  3253 | D:5      | Noticed a bullfrog
  3257 | D:5      | Killed a bullfrog
  3258 | D:5      | Reached XP level 5. HP: 34/39 MP: 1/9
  3401 | D:5      | Noticed an ogre
  3410 | D:5      | Killed an ogre
  3599 | D:5      | Reached XP level 6. HP: 39/46 MP: 6/11
  4098 | D:5      | Learned a level 3 spell: Stone Arrow
  4639 | D:5      | Found Zif Hao's Magic Scroll Shop.
  4658 | D:5      | Slain by a hornet zombie

Illustrated notes

Levels and vault maps discovered:
D:1:      dpeg_arrival_refuge, layout_rooms, nicolae_ecumenical_lake_church,
          serial_park_tiny_1, st_stairs_13, serial_bayou_lagoon_a,
          kennysheep_another_room
D:2:      layout_loops_ring
D:3:      layout_basic, okawaru_altar_gauntlet_db,
          ebering_dispersal_statue_hall, kennysheep_generic_room_16,
          uniq_sigmund
D:4:      layout_basic, minmay_temple_entry_crystal_x, uniq_ijyb, uniq_grinder,
          uniq_pikel
D:5:      layout_basic, fedhas_altar_4, serial_shops, nicolae_stop_n_shop_2
D:6:      layout_basic, led_xom_imps

Skill      XL: |  1  2  3  4  5 |
---------------+----------------+-----
Dodging        | 2 |  2.1
Ice Magic      | 5 |  5.8
Stealth        | 2 3 |  3.0
Spellcasting   | 3 |  3.9
Fighting       | |  0.5
Unarmed Combat | |  0.3

Action                   |  1- 3 |  4- 6 || total
-------------------------+-------+-------++-------
Melee: Unarmed           |    16 |    18 ||    34
       Tailslap          |       |     1 ||     1
 Cast: Freeze            |    60 |    22 ||    82
       Frozen Ramparts   |     3 |    11 ||    14
       Ozocubu's Armour  |       |     7 ||     7
       Stone Arrow       |       |     1 ||     1
  Use: Scroll            |       |     2 ||     2
 Stab: Distracted        |     1 |       ||     1
Armor: Skin              |    24 |    15 ||    39
Dodge: Dodged            |    40 |    21 ||    61
